3AAA
HIALEAH DODOS @ SUNSET DISTRICT FOG
08/08/2034
 
TOP OF THE 1ST
Hialeah Dodos batting - Pitching for Sunset District Fog : RHP C'Bo Flemister
Pitching: RHP C'Bo Flemister
Batting: SHB Luis Manuel Flores 0-0: Called Strike
0-1: Ball
1-1: DOUBLE (Flyball, 78XD)
Batting: RHB James Hill 0-0: Ball
1-0: Foul Ball, location: 2F
1-1: Ground out 4-3 (Groundball, 4MD)
Luis Manuel Flores to third
Batting: RHB Jorge Salgado 0-0: Ball
1-0: Ball
2-0: Ground out 4-3 (Groundball, 4)
Luis Manuel Flores scores
Batting: SHB Juan Perales 0-0: Foul Ball, location: 2F
0-1: SINGLE (Line Drive, 6M)
Batting: LHB Errol Levick 0-0: Called Strike
0-1: Foul Ball, location: 2F
0-2: Ball
1-2: Strikes out swinging
Top of the 1st over - 1 run, 2 hits, 0 errors, 1 left on base; Hialeah 1 - Sunset District 0
BOTTOM OF THE 1ST
Sunset District Fog batting - Pitching for Hialeah Dodos : RHP Wu-shiun Lao
Pitching: RHP Wu-shiun Lao
Batting: LHB Frank Brinton 0-0: Ball
1-0: Called Strike
1-1: Fly out, F9 (Flyball, 9S)
Batting: LHB Tim O'Neal 0-0: Called Strike
0-1: SINGLE (Groundball, 34D)
Batting: LHB Ieyoshi Samurakami 0-0: Ball
1-0: Called Strike
1-1: Fly out, F3 (Popup, 3L)
Batting: LHB Ed Berry 0-0: Ball
1-0: Ball
2-0: Ball
3-0: Called Strike
3-1: Fly out, F9 (Flyball, 9)
Bottom of the 1st over - 0 runs, 1 hit, 0 errors, 1 left on base; Hialeah 1 - Sunset District 0
TOP OF THE 2ND
Hialeah Dodos batting - Pitching for Sunset District Fog : RHP C'Bo Flemister
Batting: LHB Kendrick Sullivan 0-0: Ground out 3-1 (Groundball, 34S)
Batting: LHB Curt Wilson 0-0: Ball
1-0: Ball
2-0: Called Strike
2-1: Swinging Strike
2-2: Strikes out swinging
Batting: RHB Jack Head 0-0: Called Strike
0-1: Fly out, F4 (Popup, 23)
Top of the 2nd over - 0 runs, 0 hits, 0 errors, 0 left on base; Hialeah 1 - Sunset District 0
BOTTOM OF THE 2ND
Sunset District Fog batting - Pitching for Hialeah Dodos : RHP Wu-shiun Lao
Batting: RHB Silvian Burger 0-0: Swinging Strike
0-1: Ball
1-1: Swinging Strike
1-2: SINGLE (Groundball, 56D)
Batting: RHB Gérard Chesnutt 0-0: Ball
1-0: Called Strike
1-1: Ball
2-1: Ball
3-1: Foul Ball, location: 2F
3-2: Fly out, F8 (Flyball, 8LXD)
Batting: LHB Jesús De Jesús 0-0: Ball
1-0: Ball
Silvian Burger steals 2nd base
2-0: Called Strike
2-1: Swinging Strike
2-2: Ground out 4-3 (Groundball, 34)
Silvian Burger to third
Batting: LHB Mo Wyndham 0-0: Called Strike
0-1: Ball
1-1: Ground out 4-3 (Groundball, 4M)
Bottom of the 2nd over - 0 runs, 1 hit, 0 errors, 1 left on base; Hialeah 1 - Sunset District 0
TOP OF THE 3RD
Hialeah Dodos batting - Pitching for Sunset District Fog : RHP C'Bo Flemister
Batting: RHB David Warren 0-0: Swinging Strike
0-1: Foul Ball, location: 2F
0-2: Ball
1-2: Ball
2-2: Strikes out swinging
Batting: SHB Luis Manuel Flores 0-0: SINGLE (Groundball, 56D)
Batting: RHB James Hill 0-0: Ball
1-0: Called Strike
Luis Manuel Flores steals 2nd base
1-1: Foul Ball, location: 2F
1-2: Ball
2-2: Ground out 4-3 (Groundball, 4)
Luis Manuel Flores to third
Batting: RHB Jorge Salgado 0-0: Ball
1-0: Ball
2-0: Ball
3-0: Called Strike
3-1: Base on Balls
Batting: SHB Juan Perales 0-0: Called Strike
0-1: Called Strike
0-2: Ball
1-2: Strikes out swinging
Top of the 3rd over - 0 runs, 1 hit, 0 errors, 2 left on base; Hialeah 1 - Sunset District 0
BOTTOM OF THE 3RD
Sunset District Fog batting - Pitching for Hialeah Dodos : RHP Wu-shiun Lao
Batting: RHB Keohi Iese 0-0: Ball
1-0: Ground out 6-3 (Groundball, 6)
Batting: LHB Frank Brinton 0-0: Called Strike
0-1: Swinging Strike
0-2: Ball
1-2: Foul Ball, location: 2F
1-2: Ball
2-2: Strikes out swinging
Batting: LHB Tim O'Neal 0-0: Ball
1-0: Fly out, F7 (Flyball, 7D)
Bottom of the 3rd over - 0 runs, 0 hits, 0 errors, 0 left on base; Hialeah 1 - Sunset District 0
TOP OF THE 4TH
Hialeah Dodos batting - Pitching for Sunset District Fog : RHP C'Bo Flemister
Batting: LHB Errol Levick 0-0: Swinging Strike
0-1: Foul Ball, location: 2F
0-2: Ball
1-2: Ball
2-2: Foul Ball, location: 2F
2-2: Strikes out swinging
Batting: LHB Kendrick Sullivan 0-0: Ball
1-0: Ball
2-0: Reached on error, E4 (Groundball, 34)
Batting: LHB Curt Wilson 0-0: Ball
1-0: Ball
2-0: Ball
3-0: Called Strike
3-1: Base on Balls
Kendrick Sullivan to second
Batting: RHB Jack Head 0-0: Foul Ball, location: 2F
0-1: Swinging Strike
0-2: Foul Ball, location: 2F
0-2: Foul Ball, location: 2F
0-2: Ball
1-2: DOUBLE (Line Drive, 8RD)
Kendrick Sullivan scores
Curt Wilson to third
Runner from 3rd tries for Home, SAFE, no throw
Batting: RHB David Warren 0-0: Ball
1-0: Ball
2-0: Called Strike
2-1: Foul Ball, location: 2F
2-2: Ground out 6-3 (Groundball, 6)
Jack Head to third
Batting: SHB Luis Manuel Flores 0-0: Ball
1-0: SINGLE (Groundball, 4MD)
Jack Head scores
Batting: RHB James Hill 0-0: Ball
1-0: Ground out U3 (Groundball, 34S)
Top of the 4th over - 3 runs, 2 hits, 1 error, 1 left on base; Hialeah 4 - Sunset District 0
BOTTOM OF THE 4TH
Sunset District Fog batting - Pitching for Hialeah Dodos : RHP Wu-shiun Lao
Batting: LHB Ieyoshi Samurakami 0-0: Foul Ball, location: 2F
0-1: Ball
1-1: Foul Ball, location: 2F
1-2: Ball
2-2: Ground out 5-3 (Groundball, 56)
Batting: LHB Ed Berry 0-0: Ball
1-0: Swinging Strike
1-1: Ball
2-1: Swinging Strike
2-2: Ball
3-2: Foul Ball, location: 2F
3-2: Ground out U3 (Groundball, 34S)
Batting: RHB Silvian Burger 0-0: Ball
1-0: Ball
2-0: Called Strike
2-1: Called Strike
2-2: Strikes out swinging
Bottom of the 4th over - 0 runs, 0 hits, 0 errors, 0 left on base; Hialeah 4 - Sunset District 0
TOP OF THE 5TH
Hialeah Dodos batting - Pitching for Sunset District Fog : RHP C'Bo Flemister
Batting: RHB Jorge Salgado 0-0: Called Strike
0-1: Ball
1-1: Ground out 3-1 (Groundball, 34)
Batting: SHB Juan Perales 0-0: Ball
1-0: Called Strike
1-1: Swinging Strike
1-2: Foul Ball, location: 2F
1-2: Fly out, F7 (Flyball, 7D)
Batting: LHB Errol Levick 0-0: Called Strike
0-1: Fly out, F8 (Flyball, 8RS)
Top of the 5th over - 0 runs, 0 hits, 0 errors, 0 left on base; Hialeah 4 - Sunset District 0
BOTTOM OF THE 5TH
Sunset District Fog batting - Pitching for Hialeah Dodos : RHP Wu-shiun Lao
Batting: RHB Gérard Chesnutt 0-0: Called Strike
0-1: Ball
1-1: Swinging Strike
1-2: SOLO HOME RUN (Flyball, 7D), Distance : 413 ft
Batting: LHB Jesús De Jesús 0-0: Fly out, F9 (Flyball, 9LD)
Batting: LHB Mo Wyndham 0-0: Ground out U3 (Groundball, 3)
Batting: RHB Keohi Iese 0-0: Ball
1-0: DOUBLE (Line Drive, 8LXD)
Batting: LHB Frank Brinton 0-0: Ball
1-0: Called Strike
1-1: Ball
2-1: Ball
3-1: Called Strike
3-2: Base on Balls
Batting: LHB Tim O'Neal 0-0: Foul Ball, location: 2F
0-1: Ball
1-1: Called Strike
1-2: Ball
2-2: Foul Ball, location: 2F
2-2: Fly out, F9 (Flyball, 9S)
Bottom of the 5th over - 1 run, 2 hits, 0 errors, 2 left on base; Hialeah 4 - Sunset District 1
TOP OF THE 6TH
Hialeah Dodos batting - Pitching for Sunset District Fog : RHP C'Bo Flemister
Batting: LHB Kendrick Sullivan 0-0: Ball
1-0: SINGLE (Flyball, 89M)
Batting: LHB Curt Wilson 0-0: Sac Bunt - play at first, batter OUT! 1-3
Kendrick Sullivan to second
Batting: RHB Jack Head 0-0: Ground out 5-3 (Groundball, 5)
Batting: RHB David Warren 0-0: Swinging Strike
0-1: Ball
1-1: Foul Ball, location: 2F
1-2: Foul Ball, location: 2F
1-2: Strikes out looking
Top of the 6th over - 0 runs, 1 hit, 0 errors, 1 left on base; Hialeah 4 - Sunset District 1
BOTTOM OF THE 6TH
Sunset District Fog batting - Pitching for Hialeah Dodos : RHP Wu-shiun Lao
Batting: LHB Ieyoshi Samurakami 0-0: Ball
1-0: Foul Ball, location: 2F
1-1: SOLO HOME RUN (Flyball, 9D), Distance : 399 ft
Batting: LHB Ed Berry 0-0: Ground out U3 (Groundball, 3)
Batting: RHB Silvian Burger 0-0: Ball
1-0: Fly out, F7 (Flyball, 78S)
Batting: RHB Gérard Chesnutt 0-0: Ball
1-0: Foul Ball, location: 2F
1-1: Swinging Strike
1-2: SINGLE (Groundball, 6MD)
Batting: LHB Jesús De Jesús 0-0: Called Strike
0-1: Ball
1-1: Ground out U3 (Groundball, 3)
Bottom of the 6th over - 1 run, 2 hits, 0 errors, 1 left on base; Hialeah 4 - Sunset District 2
TOP OF THE 7TH
Hialeah Dodos batting - Pitching for Sunset District Fog : RHP C'Bo Flemister
Pitching: RHP Abraham van der Meulen
Batting: SHB Luis Manuel Flores 0-0: Ground out 4-3 (Groundball, 4)
Batting: RHB James Hill 0-0: Fly out, F7 (Line Drive, 7)
Batting: RHB Jorge Salgado 0-0: Ball
1-0: Fly out, F7 (Flyball, 7)
Top of the 7th over - 0 runs, 0 hits, 0 errors, 0 left on base; Hialeah 4 - Sunset District 2
BOTTOM OF THE 7TH
Sunset District Fog batting - Pitching for Hialeah Dodos : RHP Wu-shiun Lao
Batting: LHB Mo Wyndham 0-0: Ball
1-0: Swinging Strike
1-1: Called Strike
1-2: Ball
2-2: Ground out 6-3 (Groundball, 6)
Batting: RHB Keohi Iese 0-0: Ball
1-0: Ball
2-0: Ball
3-0: Base on Balls
Pitching: RHP Logan Gregory
Batting: LHB Frank Brinton 0-0: Ball
1-0: Ball
2-0: Fly out, F8 (Flyball, 8RM)
Batting: LHB Tim O'Neal 0-0: Ball
1-0: Ball
2-0: Called Strike
2-1: Ball
3-1: Called Strike
3-2: Strikes out swinging
Bottom of the 7th over - 0 runs, 0 hits, 0 errors, 1 left on base; Hialeah 4 - Sunset District 2
TOP OF THE 8TH
Hialeah Dodos batting - Pitching for Sunset District Fog : RHP Abraham van der Meulen
Batting: SHB Juan Perales 0-0: Called Strike
0-1: Ball
1-1: Foul Ball, location: 2F
1-2: Ball
2-2: Strikes out swinging
Batting: LHB Errol Levick 0-0: Called Strike
0-1: Ball
1-1: Fly out, F7 (Flyball, 78M)
Batting: LHB Kendrick Sullivan 0-0: Called Strike
0-1: Fly out, F9 (Flyball, 89S)
Top of the 8th over - 0 runs, 0 hits, 0 errors, 0 left on base; Hialeah 4 - Sunset District 2
BOTTOM OF THE 8TH
Sunset District Fog batting - Pitching for Hialeah Dodos : RHP Logan Gregory
Batting: LHB Ieyoshi Samurakami 0-0: DOUBLE (Line Drive, 78XD)
Batting: LHB Ed Berry 0-0: Called Strike
0-1: DOUBLE (Flyball, 8RXD)
Ieyoshi Samurakami scores
Batting: RHB Silvian Burger 0-0: Called Strike
0-1: Ball
1-1: Foul Ball, location: 2F
1-2: Ball
2-2: Strikes out swinging
Batting: RHB Gérard Chesnutt 0-0: Called Strike
0-1: Ball
1-1: Ball
2-1: Ball
3-1: Fly out, F8 (Flyball, 8RS)
Batting: LHB Jesús De Jesús 0-0: Ball
1-0: Fly out, F7 (Flyball, 78XD)
Bottom of the 8th over - 1 run, 2 hits, 0 errors, 1 left on base; Hialeah 4 - Sunset District 3
TOP OF THE 9TH
Hialeah Dodos batting - Pitching for Sunset District Fog : RHP Abraham van der Meulen
Batting: LHB Curt Wilson 0-0: Ball
1-0: Ball
2-0: Ball
3-0: Called Strike
3-1: Foul Ball, location: 2F
3-2: Base on Balls
Pinch Hitting: LHB Atílio Mansilhas 0-0: Ball
1-0: Ball
2-0: Foul Ball, location: 2F
2-1: Swinging Strike
2-2: Strikes out swinging
Batting: RHB David Warren 0-0: Foul Ball, location: 2F
0-1: Called Strike
0-2: Ball
1-2: Strikes out swinging
Batting: SHB Luis Manuel Flores 0-0: Called Strike
0-1: Called Strike
Curt Wilson is caught stealing 2nd base
Top of the 9th over - 0 runs, 0 hits, 0 errors, 0 left on base; Hialeah 4 - Sunset District 3
BOTTOM OF THE 9TH
Sunset District Fog batting - Pitching for Hialeah Dodos : RHP Logan Gregory
Pitching: RHP Olegário Pa
Now at 1B: Júlio Becerra
Now in LF: Armando Hernández
Now in RF: Félix González
Batting: LHB Mo Wyndham 0-0: SINGLE (Line Drive, 34)
Batting: RHB Keohi Iese 0-0: Bunted foul
0-1: Bunted foul
0-2: Ball
1-2: Fly out, F6 (Line Drive, 6)
Batting: LHB Frank Brinton 0-0: DOUBLE (Line Drive, 8LD)
Mo Wyndham to third
Batting: LHB Tim O'Neal 0-0: Ball
1-0: Called Strike
1-1: Foul Ball, location: 2F
1-2: Ball
2-2: Foul Ball, location: 2F
2-2: Ball
3-2: Ground out U3 (Groundball, 3)
Batting: LHB Ieyoshi Samurakami 0-0: Ball
1-0: Foul Ball, location: 2F
1-1: SINGLE (Line Drive, 6D)
Mo Wyndham scores
Frank Brinton to third
Runner from 3rd tries for Home, SAFE, throw made home
Friday, March 29th, 2019 - OOTP Baseball 18.8 Build 76